 Dungeon Crawl Stone Soup version 0.30.1-9-gdf580d7c3d (webtiles) character file.

Game seed: 11619554389399318733

8634 croobank the Covert (level 11, -1/75 HPs)
             Began as an Octopode Delver on Sept 26, 2023.
             Was an Initiate of Gozag.
             Slain by a hornet (10 damage)
             ... on level 8 of the Dungeon.
             The game lasted 00:32:34 (11228 turns).

croobank the Covert (Octopode Delver)              Turns: 11228, Time: 00:32:35

Health: -1/75      AC:  1    Str: 11    XL:     11   Next: 33%
Magic:  18/18      EV: 18    Int: 16    God:    Gozag
Gold:   410        SH:  0    Dex: 21    Spells: 14/20 levels left

rFire   + + .        E - +11 flail of Megalomania {freeze, rCorr}
rCold   + . .        (no shield)
rNeg    . . .        (helmet restricted)
rPois   +            (no amulet)
rElec   +            l - ring of resist corrosion
rCorr   +            z - ring of protection from fire
SInv    .            t - ring of flight
Will    .....        G - +6 ring of dexterity
Stlth   +++++++      (no ring)
HPRegen 0.32/turn    (no ring)
MPRegen 0.16/turn    (no ring)
                     (no ring)

%: no passive effects
@: mighty, resistant, flying, slowed, very slow
A: almost no armour, amphibious, 8 rings, camouflage 1, gelatinous body 1,
(nimble swimmer 1), tentacles
a: Renounce Religion, Potion Petition, Call Merchant, Bribe Branch


You were on level 8 of the Dungeon.
You worshipped Gozag.
Gozag was aware of your devotion.
You visited 2 branches of the dungeon, and saw 10 of its levels.
You also visited: Sewer.

You collected 871 gold pieces.
You spent 26 gold pieces at shops.
You paid 435 gold pieces to Gozag.

Inventory:

Hand Weapons
 a - a +2 spectral short sword
 b - a +1 mace of holy wrath
 d - a +1 morningstar of draining
 A - a +1 flail of protection
 B - a +0 sling
 C - a +2 dagger of draining
 E - the +11 flail of Megalomania (weapon) {freeze, rCorr}
   (You found it on level 4 of the Dungeon)

   rCorr:     It protects you from acid and corrosion.
 F - a +2 vampiric hand axe
 K - a +4 falchion
Missiles
 n - a throwing net
 r - 3 boomerangs (quivered)
 v - 14 poisoned darts
Armour
 k - a +0 kite shield
Magical Staves
 x - a staff of fire
Jewellery
 l - a ring of resist corrosion (left tentacle)
 t - a ring of flight (on tentacle)
 z - a ring of protection from fire (right tentacle)
 G - a +6 ring of dexterity (on tentacle)
Wands
 f - a wand of digging (9)
 y - a wand of flame (31)
 I - a wand of charming (9)
Scrolls
 c - 5 scrolls of teleportation
 h - 3 scrolls of identify
 m - 2 scrolls of magic mapping
 q - 2 scrolls of blinking {unknown}
 w - a scroll of enchant armour
 H - a scroll of summoning {unknown}
 J - a scroll of amnesia {unknown}
 L - a scroll of immolation
Potions
 i - 3 potions of mutation
 j - 8 potions of flight
 o - a potion of attraction {unknown}
 p - 4 potions of brilliance
 u - 3 potions of curing


   Skills:
 + Level 7.3 Fighting
 - Level 4.3 Short Blades
 + Level 6.1 Maces & Flails
 + Level 6.7 Dodging
 + Level 13.5 Stealth
 + Level 0.8 Shields
 + Level 5.3 Spellcasting
 - Level 7.3 Hexes


You had 14 spell levels left.
You knew the following spells:

 Your Spells              Type           Power      Damage    Failure   Level
a - Slow                  Hex            100%       N/A       1%          1
b - Ensorcelled Hibernat  Hex/Ice        32%        N/A       4%          2
c - Confusing Touch       Hex            27%        N/A       2%          3

Your spell library contained the following spells:

 Spells                   Type           Power      Damage    Failure   Level
 Static Discharge         Conj/Air       8%         2-3/arc   22%         2
 Anguish                  Hex/Necr       8%         N/A       32%         4
 Spider Form              Tmut/Pois      4%         N/A       41%         3
 Vampiric Draining        Necr           4%         2d6       41%         3
 Airstrike                Air            2%         2d(1-17)  83%         4
 Summon Lightning Spire   Summ/Air       4%         N/A       83%         4


Dungeon Overview and Level Annotations

Branches:
Dungeon (9/15)             Temple (1/1) D:7           Sewer (visited)
   Lair: D:8-11         Orc: D:9-12

Altars:
Ashenzari
Cheibriados
Dithmenos
Elyvilon
Fedhas
Gozag
Kikubaaqudgha
Makhleb
Nemelex Xobeh
Okawaru
Ru
Trog
Uskayaw
Vehumet
Wu Jian
Xom
Yredelemnul
Zin

Shops:
D:6 ?

Annotations:
D:5 1 runed translucent door, Crazy Yiuf


Innate Abilities, Weirdness & Mutations

You cannot wear most types of armour.
You are amphibious.
You can wear up to eight rings at the same time.
Your skin changes colour to match your surroundings (Stealth+).
Your rubbery body absorbs attacks. (AC +1, EV +1)
((You are camouflaged when in or above water. (Stealth+)))
You have tentacles for arms and can constrict up to eight enemies at once.


Message History

You see here a +0 spear.
There is a stone staircase leading down here.
You see here a +0 flail.
Items here: ))) [.
Okay, then.
Done exploring.
There is a stone staircase leading down here.
You see here a +0 flail.
There is a stone staircase leading down, spattered with blood here.
You fly downwards.
There is a stone staircase leading up here.
You fly upwards.
There is a stone staircase leading down, spattered with blood here.
You fly downwards.
The hornet stings you!
You feel yourself slow down. The yak gores you! The yak closely misses you.
The hornet completely misses you. The yak gores you. The yak misses you.
There is a stone staircase leading up here.
The hornet stings you!
You feel as though you will be slow longer.
The yak gores you! x2
* * * LOW HITPOINT WARNING * * *
The hornet stings you!
* * * LOW HITPOINT WARNING * * *
You feel as though you will be slow longer.
You fly upwards.
There is a stone staircase leading down, spattered with blood here.
Okay, then. [a] - 270 gold - resistance [b] - 768 gold - haste, resistance, brilliance and magic [c] - 322 gold - resistance and might Purchase which effect?
You don't have enough gold for that! [a] - 270 gold - resistance [b] - 768 gold - haste, resistance, brilliance and magic [c] - 322 gold - resistance and might Purchase which effect?
You feel protected.
You feel very mighty all of a sudden. The hornet stings you!
You die...
Your body crumbles into a pile of gold.

####...........)####.......
#..............##....#..##.
#._..........#.....###.###.
#...........##...### #..##.
##..).........##..# #...#.
##...............#.# ####....
##................#.###.#....#
####..#.........Y......##......##
#........#.....y@Y.............#
##<.#...#...............#......#
§##.#..###.........##...##.....#
§§##............####...........##
☼≈≈##............#..............#
≈≈####........#..................
≈##..#'.......#..........##..##..
##....##...).............#...#...
##.....##.##.#.........###.###...


You could see 2 yaks and a hornet.

Vanquished Creatures
  A hydra (D:9)
  2 two-headed ogres (D:8)
  Pikel (D:7)
  A deep elf pyromancer (D:8)
  An ugly thing (D:8)
  2 gargoyles (D:8)
  A rime drake (D:8)
  An ice devil (D:8)
  A hornet (D:7)
  A steam dragon (D:8)
  A wyvern (D:8)
  Eustachio (D:5)
  2 fire elementals (D:8)
  2 yaks (D:8)
  Menkaure (D:5)
  Edmund (D:4)
  Duvessa (D:4)
  A water moccasin (D:6)
  An ice beast (D:6)
  2 sky beasts (D:7)
  An ogre (D:7)
  2 centaurs
  4 lemures (D:7)
  A phantom (D:4)
  A kobold brigand (D:7)
  4 bullfrogs
  A gnoll sergeant (D:8)
  5 scorpions
  4 wights (D:8)
  Dowan (D:4)
  8 killer bees
  3 howler monkeys (D:8)
  A hound (D:5)
  5 orc priests
  2 jellies
  6 orc wizards
  Robin (D:4)
  9 gnolls
  13 adders
  5 river rats (Sewer)
  2 white imps (D:6)
  3 ufetubi
  11 worms
  4 dart slugs
  19 orcs
  13 ball pythons
  8 endoplasms
  6 giant cockroaches
  15 goblins
  7 hobgoblins
  5 jackals
  13 kobolds
  7 quokkas
  9 bats
  3 frilled lizards
  14 rats
241 creatures vanquished.

Notes
Turn   | Place    | Note
-------+----------+-------------------------------------------
     0 | D:5      | croobank the Octopode Delver began the quest for the Orb.
     0 | D:5      | Reached XP level 1. HP: 16/16 MP: 1/1
     3 | D:5      | Found a snail-covered altar of Cheibriados.
     8 | D:5      | Noticed a hound
    35 | D:6      | Noticed a bullfrog
    42 | D:6      | Killed a bullfrog
    43 | D:6      | Reached skill level 8 in Stealth
    43 | D:6      | Reached XP level 2. HP: 12/21 MP: 2/2
    43 | D:6      | Reached XP level 3. HP: 15/26 MP: 3/3
    43 | D:6      | Reached XP level 4. HP: 18/31 MP: 4/4
   104 | D:6      | Noticed a water moccasin
   109 | D:6      | Noticed a centaur
   112 | D:6      | Killed a water moccasin
   113 | D:6      | Reached skill level 10 in Stealth
   113 | D:6      | Reached XP level 5. HP: 20/36 MP: 5/5
   132 | D:6      | Found a glowing drain.
   146 | Sewer    | Entered a sewer
   482 | Sewer    | Reached XP level 6. HP: 11/42 MP: 6/6
  1158 | D:6      | Reached XP level 7. HP: 47/47 MP: 7/7
  1163 | D:6      | Found Meibeaw's Magic Scroll Boutique.
  1168 | D:6      | Bought a scroll of identify for 26 gold pieces
  1537 | D:6      | Found a bloodstained altar of Trog.
  1681 | D:6      | Reached skill level 11 in Stealth
  2756 | D:2      | Reached XP level 8. HP: 36/54 MP: 8/8
  3710 | D:4      | Noticed Edmund
  3719 | D:4      | Killed Edmund
  3875 | D:4      | Noticed Robin
  3886 | D:4      | Killed Robin
  4075 | D:4      | Identified the +11 flail of Megalomania {freeze, rCorr}
  4108 | D:4      | Noticed Duvessa
  4109 | D:4      | Noticed Dowan
  4111 | D:4      | Reached skill level 5 in Fighting
  4113 | D:4      | Killed Duvessa
  4114 | D:4      | Reached skill level 1 in Maces & Flails
  4232 | D:4      | Killed Dowan
  4831 | D:4      | Reached skill level 12 in Stealth
  5111 | D:5      | Noticed Menkaure
  5115 | D:5      | Killed Menkaure
  5237 | D:5      | Reached XP level 9. HP: 60/61 MP: 9/9
  5264 | D:5      | Noticed Eustachio
  5268 | D:5      | Reached skill level 5 in Dodging
  5298 | D:5      | Killed Eustachio
  5299 | D:5      | Reached skill level 1 in Spellcasting
  5513 | D:5      | Found a runed translucent door.
  5514 | D:5      | Noticed Crazy Yiuf
  6011 | D:7      | Found a staircase to the Ecumenical Temple.
  6021 | Temple   | Entered the Ecumenical Temple
  6209 | Temple   | Became a worshipper of Gozag Ym Sagoz the Greedy
  6406 | D:7      | Noticed Pikel
  6407 | D:7      | Noticed a hornet
  6428 | D:7      | Paralysed by a hornet for 1 turns
  6431 | D:7      | Killed a hornet
  6950 | D:7      | Killed Pikel
  6951 | D:7      | Reached skill level 5 in Maces & Flails
  7920 | D:8      | Reached XP level 10. HP: 69/69 MP: 15/15
  8103 | D:8      | Reached skill level 13 in Stealth
  8180 | D:8      | Found a burning altar of Makhleb.
  8180 | D:8      | Noticed a two-headed ogre
  8200 | D:8      | HP: 3/69 [two-headed ogre/+0 giant club (7)]
  8741 | D:8      | Noticed a white ugly thing
  8750 | D:8      | Noticed a deep elf pyromancer
  8760 | D:8      | Killed a deep elf pyromancer
  8864 | D:8      | Killed a white ugly thing
  8866 | D:8      | Reached skill level 5 in Spellcasting
  9278 | D:8      | Learned a level 1 spell: Slow
  9281 | D:8      | Learned a level 2 spell: Ensorcelled Hibernation
  9809 | D:9      | Reached skill level 1 in Hexes
  9860 | D:9      | Noticed a two-headed ogre
  9861 | D:9      | Noticed a five-headed hydra
  9862 | D:9      | Noticed a green ugly thing
  9863 | D:9      | Noticed a tengu warrior
  9866 | D:9      | Killed a five-headed hydra
  9868 | D:9      | Noticed a manticore
 10121 | D:8      | Learned a level 3 spell: Confusing Touch
 10317 | D:8      | Killed a two-headed ogre
 10318 | D:8      | Reached XP level 11. HP: 19/75 MP: 18/18
 11008 | D:8      | Killed a two-headed ogre
 11228 | D:8      | Slain by a hornet

Illustrated notes

Levels and vault maps discovered:
D:1:      dpeg_arrival_rooms_a, layout_rooms, chequers_serial_rivers_room_b
D:2:      minmay_evil_eye, layout_basic
D:3:      layout_basic, serial_bayou_pond_c, nicolae_wormholes
D:4:      layout_basic, uniq_robin, uniq_duvessa, uniq_edmund
D:5:      layout_rooms, nicolae_overflow_hidden_temple, uniq_eustachio,
          uniq_menkaure, uniq_crazy_yiuf_cottage
D:6:      layout_loops_corners, trog_hazing_becter, serial_shops,
          kennysheep_little_box, portal_sewer_entry_b
D:7:      layout_layer_cave, minmay_temple_entry_mini_moons, uniq_pikel
D:8:      layout_cave_pools, bloody_makhleb,
          dilly_guarded_unrand_elemental_staff
D:9:      minmay_cut_squares, layout_rooms, nicolae_hepliaklqana_hazy_memory,
          led_sif_pool, lemuel_tele_altar, orc_0_dummy,
          hangedman_abyss_or_decor_passed
Temple:   bh_familiar_temple

Skill      XL: |  1  2  3  4  5  6  7  8  9 10 11 |
---------------+----------------------------------+-----
Stealth        | 8 10 11 12 13 | 13.5
Short Blades   | 3 4 |  4.3
Dodging        | 3 4 5 6 |  6.7
Fighting       | 4 5 6 7 |  7.3
Maces & Flails | 3 5 6 |  6.1
Spellcasting   | 3 5 |  5.3
Hexes          | 6 7 |  7.3
Shields        | |  0.8

Action                     |  1- 3 |  4- 6 |  7- 9 | 10-12 || total
---------------------------+-------+-------+-------+-------++-------
  Melee: Short sword       |     3 |    90 |   185 |     7 ||   285
         Tentacles         |     2 |    21 |    65 |    28 ||   116
         Constrict         |     1 |    19 |    70 |    19 ||   109
         Flail             |       |       |    93 |    75 ||   168
         Punch             |       |       |     3 |     8 ||    11
         Dagger            |       |       |       |    42 ||    42
  Throw: Boomerang         |       |       |     9 |    29 ||    38
         Throwing net      |       |       |     9 |     3 ||    12
   Cast: Slow              |       |       |       |     1 ||     1
 Invoke: Potion Petition   |       |       |       |     1 ||     1
  Evoke: Wand              |       |       |       |     3 ||     3
    Use: Scroll            |     1 |     3 |    12 |     3 ||    19
         Potion            |       |       |     2 |     7 ||     9
   Stab: Sleeping          |     1 |    14 |    67 |     6 ||    88
         Distracted        |       |       |     6 |     2 ||     8
         Held in net/web   |       |       |     1 |       ||     1
         Invisible         |       |       |       |     3 ||     3
 Armour: Skin              |       |     7 |    14 |    10 ||    31
  Dodge: Dodged            |     2 |    75 |   154 |    91 ||   322
